 Dungeon Crawl Stone Soup version 0.31-a0-150-g89dc3ad700 (webtiles) character file.

Game seed: 7895580178218358248

156 Arzdou the Conjurer (level 4, -1/49 HPs)
             Began as a Demigod Conjurer on June 8, 2023.
             Slain by Terence
             ... wielding a +0 flail
              (8 damage)
             ... on level 2 of the Dungeon.
             The game lasted 00:05:37 (2751 turns).

Arzdou the Conjurer (Demigod Conjurer)              Turns: 2751, Time: 00:05:37

Health: -1/49      AC: 22    Str:  8    XL:     4   Next: 91%
Magic:  3/10       EV:  2    Int: 24    God:
Gold:   43         SH:  0    Dex: 12    Spells: 2/8 levels left

rFire   . . .        l - staff of air
rCold   . . .        (no shield)
rNeg    . . .        a - melded +0 robe
rPois   +            (helmet currently unavailable)
rElec   +            (cloak currently unavailable)
rCorr   .            (gloves currently unavailable)
SInv    .            (boots currently unavailable)
Will    .....        (no amulet)
Stlth   ++           o - ring of flight
HPRegen 0.28/turn    (no ring)
MPRegen 0.12/turn

%: no passive effects
@: tree-form
A: stationary, stasis, torment immunity, boosted hp, high MP 1, forlorn, divine
attributes
a: no special abilities


You were on level 2 of the Dungeon.
You were a tree.
You visited 1 branch of the dungeon, and saw 2 of its levels.

You collected 43 gold pieces.

Inventory:

Hand Weapons
 c - a +0 dagger
Missiles
 g - 4 poisoned darts
Armour
 a - a +0 robe (melded)
 n - a +0 ring mail of fire resistance
Magical Staves
 l - a staff of air (weapon)
Jewellery
 o - a ring of flight (left branch)
Scrolls
 d - 5 scrolls of identify
 e - a scroll of enchant armour {unknown}
 f - a scroll of magic mapping {unknown}
 i - a scroll of amnesia {unknown}
 k - a scroll of immolation {unknown}
 m - a scroll of torment {unknown}
Potions
 b - a potion of magic
 h - a potion of invisibility {unknown}
 j - a potion of lignification


   Skills:
 + Level 0.3 Staves
 + Level 2.7 Dodging
 + Level 2.8 Stealth
 + Level 2.6 Spellcasting
 * Level 4.4 Conjurations
 + Level 0.2 Hexes


You had 2 spell levels left.
You knew the following spells:

 Your Spells              Type           Power      Damage    Failure   Level
a - Magic Dart            Conj           96%        1d7       1%          1
b - Searing Ray           Conj           48%        2d6       2%          2
c - Dazzling Flash        Conj/Hex       28%        N/A       13%         3

Your spell library contained the following spells:

 Spells                   Type           Power      Damage    Failure   Level
 Blink                    Tloc           6%         N/A       17%         2
 Fulminant Prism          Conj/Hex       7%         3d7       38%         4
 Iskenderun's Mystic Bla  Conj/Tloc      13%        2d5       41%         4
 Manifold Assault         Tloc           3%         N/A       75%         4
 Storm Form               Tmut/Air       2%         N/A       100%        7


Dungeon Overview and Level Annotations

Branches:
Dungeon (2/15)

Annotations:
D:2 Terence


Innate Abilities, Weirdness & Mutations

You are a tree.
Your roots penetrate the ground, keeping you stationary.
You cannot be teleported.
You are immune to unholy pain and torment.
Your maximum health is greatly increased.
Your equipment is partially melded.
You have an increased reservoir of magic. (+10% MP)
You shall have no god before yourself.
Your divine heritage dramatically boosts your attributes as you level up.


Message History

You turn into a tree.
Your +0 robe melds into your body.
Your roots penetrate the ground.
Terence hits you but does no damage.
You hit Terence.
Terence is severely wounded.
Terence hits you but does no damage.
You hit Terence but do no damage.
Terence is severely wounded.
Terence hits you but does no damage. x2
You hit Terence.
Terence is almost dead.
Terence shouts, "DIE!!!"
Terence hits you but does no damage.
You hit Terence but do no damage.
Terence is almost dead.
Terence hits you but does no damage.
You hit Terence but do no damage.
Terence is almost dead.
Terence hits you but does no damage.
You hit Terence but do no damage.
Terence is almost dead.
Terence hits you but does no damage.
You hit Terence but do no damage.
Terence is almost dead.
Terence hits you but does no damage. Terence hits you with a +0 flail.
* * * LOW HITPOINT WARNING * * *
You hit Terence but do no damage.
Terence is almost dead.
Terence hits you with a +0 flail.
* * * LOW HITPOINT WARNING * * *
You barely miss Terence.
Terence is almost dead.
Terence hits you but does no damage.
You hit Terence but do no damage.
Terence is almost dead.
Terence hits you with a +0 flail.
* * * LOW HITPOINT WARNING * * *
You barely miss Terence.
Terence is almost dead.
Terence hits you with a +0 flail!
You die...

.................###### #...
..#####...............########.##
.##......#..................##.#
###.########...#####...........##
# #.# #...# #............#
#.##### ##.#### #.#...........
#.....# #....# #...####......
#####~# ###.##@# ##.########...
#♣P♣##...##♣# #............
♣~~~♣..####.# #.########...
♣~~~~..## #.# #.########...
♣♣~~~♣...# #.####.......##...
♣~~~~P...###..)..............
#♣~≈~~~...~#######.###.#.##...
##P~≈≈~....~♣# #.###.#.##...
##~~≈≈~P...~~~♣ #.#..........
#P~≈≈≈~~....~~♣ ##....^..##..#


You could see Terence.

Vanquished Creatures
  Jessica (D:2)
  Natasha (thrice) (D:2)
  An adder (D:2)
  A dart slug (D:1)
  4 bats
  4 endoplasms
  A giant cockroach (D:1)
  4 goblins
  4 hobgoblins (D:2)
  6 jackals
  3 quokkas
  5 ball pythons
  6 kobolds
  2 rats
45 creatures vanquished.

Notes
Turn   | Place    | Note
-------+----------+-------------------------------------------
     0 | D:1      | Arzdou the Demigod Conjurer began the quest for the Orb.
     0 | D:1      | Reached XP level 1. HP: 14/14 MP: 5/5
   283 | D:1      | Reached XP level 2. HP: 20/20 MP: 2/7
   541 | D:1      | Learned a level 2 spell: Searing Ray
  1477 | D:2      | Noticed Natasha
  1484 | D:2      | Killed Natasha
  1485 | D:2      | Reached skill level 4 in Conjurations
  1485 | D:2      | Reached XP level 3. HP: 10/26 MP: 0/9
  1719 | D:2      | Noticed Natasha
  1730 | D:2      | Killed Natasha
  1731 | D:2      | Reached XP level 4. HP: 21/33 MP: 1/10
  1845 | D:2      | Noticed Natasha
  1850 | D:2      | Killed Natasha
  1922 | D:2      | Learned a level 3 spell: Dazzling Flash
  2053 | D:2      | Noticed Jessica
  2056 | D:2      | Killed Jessica
  2088 | D:2      | Noticed Terence
  2751 | D:2      | Slain by Terence

Illustrated notes

Levels and vault maps discovered:
D:1:      dpeg_arrival_arbitrary_a, layout_basic, minmay_crystal_water
D:2:      layout_loops_ring, ebering_ecumenical_altar_webs, basic_altar,
          serial_bayou_ford_a, uniq_terence, uniq_natasha, uniq_jessica

Skill      XL: |  1  2 |
---------------+-------+-----
Stealth        | 2 |  2.8
Dodging        | 2 |  2.7
Spellcasting   | 2 |  2.6
Conjurations   | 4 |  4.4
Staves         | |  0.3
Hexes          | |  0.2

Action                     |  1- 3 |  4- 6 || total
---------------------------+-------+-------++-------
  Melee: Unarmed           |    33 |       ||    33
         Dagger            |    17 |       ||    17
         Punch             |     1 |       ||     1
         Staff             |       |    12 ||    12
   Cast: Magic Dart        |    59 |    28 ||    87
         Searing Ray       |     5 |     4 ||     9
         Dazzling Flash    |       |     2 ||     2
    Use: Scroll            |       |     1 ||     1
         Potion            |       |     1 ||     1
 Armour: Robe              |     8 |     2 ||    10
         Skin              |       |    10 ||    10
  Dodge: Dodged            |    43 |    10 ||    53

Table legend: (Time is in decaauts)
 A = Elapsed time spent in this place.
 B = Non-inter-level travel time spent in this place.
 C = Inter-level travel time spent in this place.
 D = Time resting spent in this place.
 E = Time spent auto-exploring this place.
 F = Levels seen in this place.
 G = Mean time per level.
                   A        B        C        D        E       F      G
               +--------+--------+--------+--------+--------+-----+--------+
         Total |   2768 |   2602 |    166 |     47 |   2169 |   2 | 1384.0 |
       Dungeon |   2768 |   2602 |    166 |     47 |   2169 |   2 | 1384.0 |
               +--------+--------+--------+--------+--------+-----+--------+

Top non-repeatable levels by time:
     D:1: 1421 daAuts
     D:2: 1346 daAuts
